 Dungeon Sprint DCSS version 0.27.0-1-g7a089689b8 (webtiles) character file.

Game seed: 7783524348182301695

927 Groucho the Unseen (level 7, -4/32 HPs)
             Began as a Spriggan Enchanter on Aug 5, 2021.
             Was an Elder of Dithmenos.
             Slain by a molten gargoyle (8 damage)
             ... in the Dungeon (Sprint VII: "The Pits").
             The game lasted 00:04:44 (2359 turns).

Groucho the Unseen (Spriggan Enchanter)             Turns: 2359, Time: 00:04:44

Health: -4/32      AC:  2    Str:  6    XL:     7   Next: 85%
Magic:  19/22      EV: 17    Int: 16    God:    Dithmenos [****..]
Gold:   0          SH:  0    Dex: 16    Spells: 15/27 levels left

rFire    . . .     SeeInvis +   m - +2 dagger (elec)
rCold    . . .     Faith    .   (shield restricted)
rNeg     . . .     Spirit   .   b - +0 robe
rPois    .         Reflect  .   (helmet restricted)
rElec    .         Harm     .   (no cloak)
rCorr    .         Rampage  .   (gloves unavailable)
Will     +....     NoTele   +   (boots unavailable)
Stlth    ++++++++++             (no amulet)
HPRegen  0.10/turn              (no ring)
MPRegen  0.18/turn              (no ring)

@: confusing by touch, wreathed by umbra, very quick
A: very small, no large weapons, unfitting armour, see invisible, speed 3
a: Renounce Religion, Shadow Step


You were in the Dungeon.
You worshipped Dithmenos.
Dithmenos was greatly pleased with you.
You visited 1 branch

Inventory:

Hand Weapons
 i - a +2 dagger
 m - a +2 dagger of electrocution (weapon)
Missiles
 l - 11 stones (quivered)
Armour
 b - a +0 robe (worn)
Scrolls
 h - a scroll of blinking
 j - 5 scrolls of amnesia
 k - a scroll of summoning
Potions
 a - 2 potions of invisibility
 c - 6 potions of curing
 d - 5 potions of heal wounds
 e - a potion of haste
 f - 4 potions of magic
 g - 3 potions of berserk rage


   Skills:
 - Level 1.1 Short Blades
 - Level 2.6 Dodging
 * Level 17.7 Stealth
 + Level 10.6 Spellcasting
 + Level 10.8 Hexes


You had 15 spell levels left.
You knew the following spells:

 Your Spells              Type           Power      Damage    Failure   Level
a - Corona                Hex            47%        N/A       1%          1
b - Ensorcelled Hibernat  Hex/Ice        50%        N/A       1%          2
c - Confusing Touch       Hex            43%        N/A       1%          3
d - Tukima's Dance        Hex            43%        N/A       1%          3
e - Dazzling Flash        Conj/Hex       50%        N/A       2%          3

Your spell library contained the following spells:

 Spells                   Type           Power      Damage    Failure   Level


Dungeon Overview and Level Annotations

Branches:
Dungeon (1/1)

Altars:
Ashenzari
Cheibriados
Dithmenos
Elyvilon
Fedhas
Gozag
Hepliaklqana
Kikubaaqudgha
Makhleb
Nemelex Xobeh
Okawaru
Qazlal
Ru
Sif Muna
Trog
Uskayaw
Vehumet
Wu Jian
Xom
Yredelemnul
Zin
The Shining One
Beogh
Jiyva
Lugonu


Innate Abilities, Weirdness & Mutations

You are very small and have problems with some larger weapons.
You are too small for most types of armour.
You have supernaturally acute eyesight. (SInv)
You cover ground extremely quickly. (Speed+++)


Message History

The molten gargoyle blasts magma at you!
The bolt of magma hits you!!
Ouch! That really hurt!
* * * LOW HITPOINT WARNING * * *
You emit a cloud of dark smoke.
There is an open door here.
Which direction?
You close the door.
There is an open door here.
You see here a +0 spear.
You feel much better.
You start resting.
Magic restored.
You start resting.
HP restored.
The molten gargoyle blasts magma at you!
The bolt of magma misses you.
Casting: Ensorcelled Hibernation (safe; 1% risk of failure)
Confirm with . or Enter, or press ? or * to list all spells.
You don't know that spell.
You start waiting.
A molten gargoyle is nearby!
Casting: Ensorcelled Hibernation (safe; 1% risk of failure)
Confirm with . or Enter, or press ? or * to list all spells.
Your hands begin to glow red.
You hit the molten gargoyle but do no damage.
The molten gargoyle blasts magma at you!
The bolt of magma misses you.
You hit the molten gargoyle but do no damage.
The molten gargoyle hits you with a +0 morningstar.
You are engulfed in flames!
You are too injured to fight recklessly!
You are too injured to fight recklessly!
You are too injured to fight recklessly!
You are too injured to fight recklessly!
You hit the molten gargoyle but do no damage.
The molten gargoyle hits you with a +0 morningstar!
* * * LOW HITPOINT WARNING * * *
You emit a cloud of dark smoke.
You are engulfed in flames!
You die...

#.#..'...#.##.....
#.#..'÷..'.##.....
#.#..########...<.
#.#÷†'[.)).##.....
#.#..#[))).##.....
#'###########.....
#.§.....#..#######
#9###.9.#.######
#@#.....#)#..l.#
#§#...#§#'#....#
#.§..)#§#.§..9.+
#...###§#+#....#
#.....§§§§#..H.#
################


You could see a molten gargoyle.

Vanquished Creatures
  A flying skull (D)
  A warg (D)
  Edmund (D)
  2 floating eyes (D)
  A sky beast (D)
  A black bear (D)
  A scorpion (D)
  A quasit (D)
  A jelly (D)
  A gnoll (D)
  An adder (D)
  A river rat (D)
  A white imp (D)
  An adder zombie (D)
  5 jackals (D)
  2 ball pythons (D)
  A kobold (D)
  A quokka zombie (D)
24 creatures vanquished.

Notes
Turn   | Place    | Note
-------+----------+-------------------------------------------
     0 | D        | Groucho the Spriggan Enchanter began the quest for the Orb.
     0 | D        | Reached XP level 1. HP: 9/9 MP: 5/5
     9 | D        | Noticed a floating eye
    12 | D        | Killed a floating eye
    13 | D        | Reached skill level 10 in Stealth
    13 | D        | Reached skill level 5 in Spellcasting
    13 | D        | Reached XP level 2. HP: 13/13 MP: 5/9
    13 | D        | Reached XP level 3. HP: 16/16 MP: 6/11
    13 | D        | Reached XP level 4. HP: 21/21 MP: 6/12
    40 | D        | Found a bloodstained altar of Trog.
    40 | D        | Found a shimmering blue altar of Sif Muna.
    40 | D        | Found a viscous altar of Jiyva.
    40 | D        | Found a hazy altar of Hepliaklqana.
    40 | D        | Found an opulent altar of Gozag.
    41 | D        | Found a glowing golden altar of the Shining One.
    41 | D        | Found a glowing silver altar of Zin.
    41 | D        | Found a basalt altar of Yredelemnul.
    41 | D        | Found a shimmering altar of Xom.
    41 | D        | Found an ornate altar of the Wu Jian Council.
    41 | D        | Found a sacrificial altar of Ru.
    41 | D        | Found a stormy altar of Qazlal.
    41 | D        | Found an iron altar of Okawaru.
    41 | D        | Found a sparkling altar of Nemelex Xobeh.
    41 | D        | Found a burning altar of Makhleb.
    41 | D        | Found a blossoming altar of Fedhas.
    41 | D        | Found a white marble altar of Elyvilon.
    41 | D        | Found a shadowy altar of Dithmenos.
    41 | D        | Found a snail-covered altar of Cheibriados.
    44 | D        | Found a corrupted altar of Lugonu.
    44 | D        | Found a radiant altar of Vehumet.
    45 | D        | Found an ancient bone altar of Kikubaaqudgha.
    45 | D        | Found a hide-covered altar of Uskayaw.
    45 | D        | Found a broken altar of Ashenzari.
    51 | D        | Became a worshipper of Dithmenos the Shadowed
    78 | D        | Learned a level 2 spell: Ensorcelled Hibernation
    82 | D        | Learned a level 3 spell: Confusing Touch
    86 | D        | Learned a level 3 spell: Tukima's Dance
    90 | D        | Learned a level 3 spell: Dazzling Flash
    99 | D        | Reached * piety under Dithmenos
   536 | D        | Noticed a scorpion
   539 | D        | Reached ** piety under Dithmenos
   552 | D        | Reached skill level 11 in Stealth
   574 | D        | Killed a scorpion
   575 | D        | Reached skill level 12 in Stealth
   575 | D        | Reached XP level 5. HP: 24/24 MP: 5/15
   953 | D        | Reached *** piety under Dithmenos
  1007 | D        | Noticed a flying skull
  1011 | D        | Noticed a sky beast
  1012 | D        | Killed a flying skull
  1013 | D        | Reached skill level 14 in Stealth
  1013 | D        | Reached XP level 6. HP: 26/28 MP: 12/18
  1194 | D        | Killed a sky beast
  1195 | D        | Reached skill level 15 in Stealth
  2033 | D        | Reached **** piety under Dithmenos
  2035 | D        | Noticed a warg
  2037 | D        | Killed a warg
  2038 | D        | Reached skill level 16 in Stealth
  2038 | D        | Reached skill level 10 in Hexes
  2038 | D        | Reached XP level 7. HP: 32/32 MP: 21/21
  2039 | D        | Noticed Edmund
  2041 | D        | Killed Edmund
  2042 | D        | Reached skill level 17 in Stealth
  2042 | D        | Reached skill level 10 in Spellcasting
  2051 | D        | Reached ***** piety under Dithmenos
  2295 | D        | Noticed a molten gargoyle
  2296 | D        | Noticed a manticore
  2359 | D        | Slain by a molten gargoyle

Illustrated notes

Levels and vault maps discovered:
D:        pitsprint [storerooms_1, entrance_room_1, metal_vault_5, armoury_3,
          mini_pit_1, grid_room_1, main_hall_1, silver_pit, the_coven_1,
          the_vestibule_1, steel_vault_1, golden_pit, hallway_of_sentries,
          crystal_vault_4, iron_vault_5, final_vault]

Skill      XL: |  1  2  3  4  5  6  7 |
---------------+----------------------+-----
Stealth        | 10 12 14 16 17 | 17.7
Spellcasting   | 5 7 8 9 10 | 10.6
Hexes          | 6 7 8 10 | 10.8
Short Blades   | |  1.1
Dodging        | |  2.6

Action                   |  1- 3 |  4- 6 |  7- 9 || total
-------------------------+-------+-------+-------++-------
Melee: Dagger            |     1 |    37 |     9 ||    47
Throw: Stone             |       |     1 |       ||     1
 Cast: Ensorcelled Hiber |       |    23 |     1 ||    24
       Confusing Touch   |       |     1 |     2 ||     3
Invok: Shadow Step       |       |     2 |     1 ||     3
  Use: Potion            |       |       |     1 ||     1
 Stab: Sleeping          |     1 |    16 |     3 ||    20
       Confused          |       |     1 |     1 ||     2
Armor: Robe              |       |     2 |       ||     2
Dodge: Dodged            |       |    25 |     5 ||    30
